 Dungeon Crawl Stone Soup version 0.30-a0-782-ge64f9170bb (webtiles) character file.

Game seed: 12544955937728962151

3637 Dirtsage the Cleaver (level 9, 0/66 HPs)
             Began as a Demonspawn Fighter on Mar 1, 2023.
             Slain by Prince Ribbit (14 damage)
             ... on level 6 of the Dungeon on Mar 2, 2023.
             The game lasted 00:14:00 (6859 turns).

Dirtsage the Cleaver (Demonspawn Fighter)           Turns: 6859, Time: 00:14:01

Health: 0/66       AC: 14    Str: 21    XL:     9   Next: 87%
Magic:  9/9        EV: 10    Int: 14    God:
Gold:   33         SH:  4    Dex: 12    Spells: 8/8 levels left

rFire   . . .      SeeInvis .    o - +0 hand axe (elec)
rCold   . . .      Faith    .    c - +0 buckler
rNeg    . . .      Spirit   .    E - +0 swamp dragon scales
rPois   +          Reflect  .    J - +2 helmet "Udwehe" {Int+4}
rElec   .          Harm     .    u - +0 cloak {rPois}
rCorr   .          Rampage  .    (no gloves)
Will    .....                    (no boots)
Stlth   +                        I - amulet of the acrobat
HPRegen 0.31/turn                s - ring of flight
MPRegen 0.11/turn                (no ring)

@: flying
A: rugged brown scales 2, powered by pain 2, condensation shield
a: no special abilities


You were on level 6 of the Dungeon.
You visited 2 branches of the dungeon, and saw 8 of its levels.
You also visited: Ossuary.

You collected 299 gold pieces.
You spent 266 gold pieces at shops.

Inventory:

Hand Weapons
 a - a +0 war axe
 o - a +0 hand axe of electrocution (weapon)
 r - a +1 flail of draining
Missiles
 h - 4 throwing nets (quivered)
 p - 6 curare-tipped darts
Armour
 c - a +0 buckler (worn)
 f - a +2 ring mail of fire resistance
 u - a +0 cloak of poison resistance (worn)
 E - +0 swamp dragon scales (worn)
 J - the +2 helmet "Udwehe" (worn) {Int+4}
   (You bought it in a shop on level 1 of the Dungeon)

   Int:       It affects your intelligence (+4).
Jewellery
 s - a ring of flight (left hand)
 H - a ring of fire
 I - an amulet of the acrobat (around neck)
Wands
 b - a wand of roots (14)
 t - a wand of paralysis (3)
Scrolls
 e - 4 scrolls of enchant weapon {unknown}
 g - a scroll of poison {unknown}
 j - 7 scrolls of teleportation {unknown}
 k - 6 scrolls of identify {unknown}
 l - 2 scrolls of enchant armour {unknown}
 n - 2 scrolls of magic mapping {unknown}
 v - a scroll of vulnerability {unknown}
 y - 2 scrolls of silence {unknown}
 A - 2 scrolls of amnesia {unknown}
 B - a scroll of immolation {unknown}
 D - a scroll of fog {unknown}
 G - a scroll of noise {unknown}
Potions
 d - a potion of might
 i - 5 potions of haste {unknown}
 m - 5 potions of degeneration {unknown}
 q - a potion of curing
 w - 2 potions of brilliance {unknown}
 x - a potion of cancellation {unknown}
 z - 2 potions of magic {unknown}
 C - 2 potions of flight {unknown}
 F - a potion of ambrosia {unknown}


   Skills:
 - Level 3.0 Fighting
 + Level 13.0 Axes
 - Level 2.6 Armour
 - Level 2.6 Shields


You had 8 spell levels left.
You didn't know any spells.
Your spell library contained the following spells:

 Spells                   Type           Power      Damage    Failure   Level
 Shock                    Conj/Air       0%         1d3       52%         1
 Ensorcelled Hibernation  Hex/Ice        0%         N/A       67%         2
 Passwall                 Tmut/Erth      0%         N/A       67%         2
 Scorch                   Fire           0%         2d5       67%         2
 Sublimation of Blood     Necr           0%         N/A       67%         2
 Frozen Ramparts          Ice            0%         1d1       88%         3
 Swiftness                Air            0%         N/A       88%         3
 Airstrike                Air            0%         2d(0-16)  99%         4
 Flame Wave               Conj/Fire      0%         2d4       99%         4
 Ice Form                 Ice/Tmut       0%         N/A       99%         4
 Petrify                  Tmut/Erth      0%         N/A       99%         4
 Summon Ice Beast         Ice/Summ       0%         N/A       99%         4
 Irradiate                Conj/Tmut      0%         3d11      100%        5
 Summon Cactus Giant      Summ           0%         N/A       100%        6


Dungeon Overview and Level Annotations

Branches:
Dungeon (7/15)             Temple (1/1) D:5         Ossuary (visited)

Altars:
Ashenzari
Cheibriados
Dithmenos
Gozag
Hepliaklqana
Nemelex Xobeh
Qazlal
Ru
Sif Muna
Trog
Uskayaw
Vehumet
Wu Jian
Xom
Yredelemnul

Shops:
D:1 [   D:2 [

Annotations:
D:6 Prince Ribbit


Innate Abilities, Weirdness & Mutations

You are mostly covered in rugged brown scales. (AC +2, +5% HP)
You sometimes gain power by taking damage.
A meltable shield of frost defends you. (SH +0)


Message History

Prince Ribbit hits you.
Prince Ribbit is engulfed in a cloud of scalding steam.
Prince Ribbit closely misses you.
The steam dragon bites you but does no damage.
You block the steam dragon's attack.
You fly upwards.
There is a stone staircase leading down here.
You take 6 damage, and have 45/66 hp.
You hit the steam dragon but do no damage.
You barely miss Prince Ribbit. You hit the orc. Prince Ribbit hits you!
You block the orc's attack.
You take 10 damage, and have 35/66 hp.
You barely miss the steam dragon. You slash Prince Ribbit! You hit the orc.
You kill the orc!
The steam dragon breathes steam at you. The ball of steam hits you!
Prince Ribbit catches a centipede with his tongue.
Prince Ribbit blinks!
You take 12 damage, and have 23/66 hp.
You barely miss the steam dragon.
You are engulfed in a cloud of scalding steam.
The steam dragon bites you but does no damage.
The steam dragon claws you.
* * * LOW HITPOINT WARNING * * *
You take 4 damage, and have 19/66 hp.
You hit the steam dragon.
The steam dragon is moderately wounded.
You are engulfed in a cloud of scalding steam.
* * * LOW HITPOINT WARNING * * *
You take 6 damage, and have 13/66 hp.
The steam dragon attacks as you move away!
The steam dragon bites you but does no damage.
The steam dragon barely misses you.
You hit the steam dragon.
The steam dragon is moderately wounded.
The steam dragon closely misses you. You block the steam dragon's attack.
You hit the steam dragon.
The steam dragon is heavily wounded.
You hit Prince Ribbit. Prince Ribbit hits you!
You die...

.###....# ### ##.....##
...#....########.####.##....##
.........##....#...##...^....####
.........#.........#........(.#..
............#.#..................
..#........####..................
####........##.....##....#.#.....
#..##........##)DF.##...[).#.....
................@####..[).##.....
#..........###.ยง..####.......#...
##.........##......######..###...
##.........###..............###.#
...........###.......#......# #..
............##.....###......###..
...............##........##..#...
....##......#..####....####.##...
...###.....###..##.....####......


You could see Prince Ribbit and a steam dragon (catching breath).

Vanquished Creatures
  Maggie (D:7)
  Eustachio (D:6)
  Menkaure (D:5)
  A water moccasin (D:7)
  Duvessa (D:7)
  2 sky beasts
  An ice beast (D:7)
  2 hornet zombies (Ossuary)
  2 ogres
  A centaur (D:5)
  A phantom (D:7)
  2 bullfrogs
  4 scorpions
  A necrophage (D:6)
  2 wyvern zombies (Ossuary)
  5 water moccasin zombies (Ossuary)
  Dowan (D:7)
  2 howler monkeys (D:7)
  2 centaur zombies (Ossuary)
  3 bullfrog zombies (Ossuary)
  Crazy Yiuf (D:3)
  A jelly (D:6)
  A gnoll bouda (D:4)
  5 hounds
  2 iguanas
  2 orc priests
  Jessica (D:3)
  8 mummies (Ossuary)
  Ijyb (D:3)
  Terence (D:2)
  2 orc wizards
  Natasha (twice) (D:3)
  Robin (D:3)
  2 howler monkey zombies (Ossuary)
  7 gnolls
  8 adders
  A white imp (D:6)
  An ufetubus (D:6)
  5 worms
  2 dart slugs
  28 orcs
  6 ball pythons
  11 endoplasms
  3 giant cockroaches
  11 goblins
  14 hobgoblins
  6 jackals
  5 quokkas
  6 bats
  A frilled lizard (D:1)
  7 kobolds
  5 rats
193 creatures vanquished.

Vanquished Creatures (others)
  50 plants (D:3)
  8 withered plants (Ossuary)
58 creatures vanquished.

Grand Total: 251 creatures vanquished

Notes
Turn   | Place    | Note
-------+----------+-------------------------------------------
     0 | D:1      | Dirtsage the Demonspawn Fighter began the quest for the
                  | Orb.
     0 | D:1      | Reached XP level 1. HP: 18/18 MP: 1/1
    50 | D:1      | Reached skill level 2 in Axes
   107 | D:1      | Found Dudiar's Antique Armour Shoppe.
   134 | D:1      | Gained mutation: You are partially covered in rugged brown
                  | scales. (AC +1, +3% HP) [demonic ancestry]
   134 | D:1      | Reached XP level 2. HP: 18/24 MP: 2/2
   528 | D:1      | Reached skill level 3 in Axes
   625 | D:1      | Reached XP level 3. HP: 29/29 MP: 3/3
  1058 | D:2      | Found a shadowy altar of Dithmenos.
  1094 | D:2      | Noticed Terence
  1105 | D:2      | Killed Terence
  1106 | D:2      | Reached skill level 4 in Axes
  1106 | D:2      | Gained mutation: You sometimes gain a little power by
                  | taking damage. [demonic ancestry]
  1106 | D:2      | Reached XP level 4. HP: 33/36 MP: 4/4
  1203 | D:2      | Found Gestrem's Antique Armour Shoppe.
  1504 | D:3      | You fall into a shaft and drop 1 floor!
  1698 | D:3      | Noticed Natasha
  1706 | D:3      | Killed Natasha
  1707 | D:3      | Gained mutation: A meltable shield of frost defends you.
                  | (SH +0) [demonic ancestry]
  1707 | D:3      | Reached XP level 5. HP: 40/42 MP: 5/5
  1758 | D:3      | Reached skill level 5 in Axes
  1780 | D:3      | Noticed Robin
  1793 | D:3      | Killed Robin
  1799 | D:3      | Noticed Jessica
  1805 | D:3      | Killed Jessica
  1994 | D:3      | Noticed Natasha
  2006 | D:3      | Killed Natasha
  2007 | D:3      | Gained mutation: You are mostly covered in rugged brown
                  | scales. (AC +2, +5% HP) [demonic ancestry]
  2007 | D:3      | Reached XP level 6. HP: 38/49 MP: 6/6
  2305 | D:3      | Noticed Ijyb
  2309 | D:3      | Killed Ijyb
  2376 | D:3      | Reached skill level 6 in Axes
  2507 | D:3      | Found a runed translucent door.
  2508 | D:3      | Noticed Crazy Yiuf
  2763 | D:3      | Killed Crazy Yiuf
  2904 | D:4      | Found a stormy altar of Qazlal.
  3328 | D:4      | Reached skill level 7 in Axes
  3328 | D:4      | Reached XP level 7. HP: 42/54 MP: 7/7
  3604 | D:5      | Entered Level 5 of the Dungeon
  3607 | D:5      | Found a sand-covered staircase.
  3638 | Ossuary  | Entered an ossuary
  3680 | Ossuary  | Reached skill level 8 in Axes
  3704 | Ossuary  | Saving game... please wait.
  3827 | Ossuary  | Reached XP level 8. HP: 60/60 MP: 8/8
  3849 | Ossuary  | Reached skill level 9 in Axes
  4221 | Ossuary  | Reached skill level 10 in Axes
  4537 | D:5      | Found a shimmering blue altar of Sif Muna.
  4600 | D:5      | Found a staircase to the Ecumenical Temple.
  4608 | Temple   | Entered the Ecumenical Temple
  4755 | D:5      | Noticed Menkaure
  4768 | D:5      | Killed Menkaure
  5338 | D:6      | Gained mutation: You sometimes gain power by taking damage.
                  | [demonic ancestry]
  5338 | D:6      | Reached XP level 9. HP: 56/66 MP: 9/9
  5384 | D:6      | Reached skill level 11 in Axes
  5758 | D:6      | Noticed Eustachio
  5793 | D:6      | Killed Eustachio
  6228 | D:1      | Bought a bloodstained helmet for 266 gold pieces
  6228 | D:1      | Identified the +2 helmet "Udwehe" {Int+4} (You bought it in
                  | a shop on level 1 of the Dungeon)
  6337 | D:7      | Noticed Duvessa
  6337 | D:7      | Noticed Dowan
  6340 | D:7      | Killed Dowan
  6343 | D:7      | Noticed Maggie
  6351 | D:7      | Killed Duvessa
  6352 | D:7      | Reached skill level 12 in Axes
  6363 | D:7      | HP: 1/66 [Maggie/+2 scimitar of flaming (3)]
  6369 | D:7      | Killed Maggie
  6748 | D:7      | Reached skill level 13 in Axes
  6778 | D:7      | Noticed Prince Ribbit
  6859 | D:6      | Slain by Prince Ribbit

Illustrated notes

Levels and vault maps discovered:
D:1:      dpeg_arrival_windows_large_door, layout_loops_ring, serial_shops,
          shop, minivault_24
D:2:      layout_loops_ring, serial_shops, shop, basic_altar, minmay_bisected,
          uniq_terence
D:3:      wander_river, layout_loops_ring, serial_bayou, serial_bayou_shore_a,
          serial_bayou_ford_a, serial_bayou_pond_e, serial_bayou_lagoon_a,
          serial_bayou_shore_b, serial_bayou_lake_a, minmay_close_crescents,
          uniq_crazy_yiuf_cottage, uniq_robin, uniq_natasha, uniq_ijyb,
          uniq_jessica
D:4:      layout_gridville, mainiacjoe_overflow_concentric_impassable
D:5:      layout_basic, mainiacjoe_overflow_six_doors_small,
          mainiacjoe_overflow_catwalk, minmay_temple_entry_slanted,
          nicolae_ossuary_entry_ruins, minmay_misc_feat_five, uniq_menkaure
D:6:      layout_cave_pools, chequers_serial_rivers_small_b, uniq_eustachio
D:7:      lemuel_castle_with_subvaults [lemuel_castle_interior_original],
          layout_cave_pools, corexii_leaking_fountain, uniq_duvessa,
          uniq_prince_ribbit1, uniq_pikel, uniq_maggie
Temple:   nicolae_temple_two_arcs

Skill      XL: |  1  2  3  4  5  6  7  8  9 |
---------------+----------------------------+-----
Axes           | 2 3 4 5 7 8 10 13 | 13.0
Fighting       | |  3.0
Armour         | |  2.6
Shields        | |  2.6

Action                     |  1- 3 |  4- 6 |  7- 9 || total
---------------------------+-------+-------+-------++-------
  Melee: War axe           |   101 |       |       ||   101
         Hand axe          |       |   159 |   429 ||   588
  Evoke: Wand              |       |       |     5 ||     5
    Use: Potion            |       |       |     4 ||     4
   Stab: Paralysed         |       |       |     5 ||     5
 Armour: Scale mail        |    26 |       |       ||    26
         Ring mail         |    15 |    51 |   115 ||   181
         Swamp dragon scal |       |       |    13 ||    13
  Dodge: Dodged            |    41 |    49 |   147 ||   237
  Block: Buckler           |    24 |    45 |   115 ||   184

Table legend: (Time is in decaauts)
 A = Elapsed time spent in this place.
 B = Non-inter-level travel time spent in this place.
 C = Inter-level travel time spent in this place.
 D = Time resting spent in this place.
 E = Time spent auto-exploring this place.
 F = Levels seen in this place.
 G = Mean time per level.
                   A        B        C        D        E       F      G
               +--------+--------+--------+--------+--------+-----+--------+
         Total |   6976 |   6563 |    413 |    158 |   5145 |   9 |  775.1 |
       Dungeon |   6192 |   5790 |    402 |    158 |   4605 |   7 |  884.6 |
        Temple |    105 |     94 |     11 |      0 |     78 |   1 |  105.0 |
       Ossuary |    677 |    677 |      0 |      0 |    461 |   1 |  677.0 |
               +--------+--------+--------+--------+--------+-----+--------+

Top non-repeatable levels by time:
     D:3: 1422 daAuts
     D:6: 1091 daAuts
     D:5: 923 daAuts
     D:1: 871 daAuts
     D:4: 852 daAuts
     D:2: 748 daAuts
 Ossuary: 677 daAuts
     D:7: 281 daAuts
  Temple: 105 daAuts
